 Dungeon Crawl Stone Soup version 0.21.1-1-g345015fe64 (webtiles) character file.

19109 DildoBatman the Bewitcher (level 13, 0/98 HPs)
             Began as a Formicid Enchanter on Feb 28, 2018.
             Was an Elder of Sif Muna.
             Succumbed to a spiny frog's poison
             ... on level 1 of the Lair of Beasts.
             The game lasted 01:22:03 (16914 turns).

DildoBatman the Bewitcher (Formicid Enchanter)     Turns: 16914, Time: 01:22:04

Health: 0/98       AC: 12    Str: 17    XL:     13   Next: 2%
Magic:  17/23      EV: 12    Int: 16    God:    Sif Muna [****..]
Gold:   539        SH:  0    Dex: 14    Spells: 11/26 levels left

rFire    . . .     SeeInvis +   a - +2 spear (venom)
rCold    + . .     Gourm    .   (no shield)
rNeg     . . .     Faith    .   N - +1 scale mail {rC+}
rPois    .         Spirit   .   (helmet unavailable)
rElec    .         Reflect  .   V - +0 cloak
rCorr    .         Harm     .   F - +0 pair of gloves
MR       +....                  r - +0 pair of boots
Stlth    ++........             (no amulet)
HPRegen  1.26/turn              w - ring of wizardry
MPRegen  0.18/turn              t - +3 ring of dexterity

@: lethally poisoned (0 -> -34), regenerating
A: permanent stasis, dig shafts and tunnels, four strong arms, antennae 3
a: Dig, Shaft Self, Divine Energy, Channel Magic, Forget Spell, Renounce
Religion


You were on level 1 of the Lair of Beasts.
You worshipped Sif Muna.
Sif Muna was greatly pleased with you.
You were not hungry.

You visited 3 branches of the dungeon, and saw 14 of its levels.

You collected 539 gold pieces.

Inventory:

Hand Weapons
 a - a +2 spear of venom (weapon)
 b - a +1 dagger of electrocution
 c - a +2 hand axe of flaming
 d - a +2 spear of freezing
 f - a +2 flail of crushing
Armour
 r - a +0 pair of boots (worn)
 B - a +0 shield
 F - a +0 pair of gloves (worn)
 N - a +1 scale mail of cold resistance (worn)
 V - a +0 cloak (worn)
 X - a +2 robe of fire resistance
Jewellery
 m - an uncursed ring of wizardry
 n - an uncursed ring of protection from fire
 t - a +3 ring of dexterity (right hand)
 w - a ring of wizardry (left hand)
 P - an uncursed ring of positive energy
Wands
 k - a wand of paralysis (16)
Scrolls
 g - 11 scrolls of teleportation
 j - 3 scrolls of magic mapping
 x - 8 scrolls of remove curse
 z - 9 scrolls of identify
Potions
 e - 2 potions of flight {unknown}
 h - 6 potions of curing
 i - 4 potions of mutation {unknown}
 q - 2 potions of haste
Comestibles
 l - 6 chunks of flesh
 v - 32 rations


   Skills:
 - Level 8.0 Fighting
 - Level 1.0 Short Blades
 - Level 7.0 Armour
 - Level 5.0 Dodging
 - Level 8.0 Stealth
 - Level 7.1 Spellcasting
 * Level 15.0 Hexes
 - Level 5.0 Charms
 - Level 5.0 Necromancy
 - Level 2.2 Air Magic


You had 11 spell levels left.
You knew the following spells:

 Your Spells              Type           Power        Failure   Level  Hunger
a - Corona                Hex            ######.      1%          1    None
b - Confuse               Hex            ######..     1%          3    ##.....
c - Spectral Weapon       Hex/Chrm       #####...     1%          3    ##.....
d - Regeneration          Chrm/Necr      ###.......   6%          3    ##.....
j - Silence               Hex/Air        ####......   12%         5    #####..


Dungeon Overview and Level Annotations

Branches:
Dungeon (12/15)            Temple (1/1) D:6            Lair (1/6) D:11
    Orc (0/2) D:10

Altars:
Ashenzari
Cheibriados
Dithmenos
Elyvilon
Fedhas
Gozag
Hepliaklqana
Kikubaaqudgha
Makhleb
Nemelex Xobeh
Okawaru
Qazlal
Ru
Sif Muna
Trog
Uskayaw
Vehumet
Wu Jian
Xom
Yredelemnul
Zin
The Shining One

Shops:
D:6 %   D:8 }(*   D:10 [

Portals:
Trove: D:12 (give +6 demon whip)

Annotations:
D:11 deadestbob's ghost, journeyman HOFi


Innate Abilities, Weirdness & Mutations

You cannot be hasted, slowed, berserked, paralysed or teleported.
You can dig through walls and to a lower floor.
Your four strong arms can wield two-handed weapons with a shield.
You have a pair of large antennae on your head. (SInv)


Message History

You feel very sick. The spiny frog stings you. The spiny frog stings you!
You are lethally poisoned!
The spiny frog poisons you!
Casting: Confuse
Confirm with . or Enter, or press ? or * to list all spells.
Aiming: Confuse
Press: ? - help, Shift-Dir - straight line, f/p - spiny frog
Aim: a spiny frog (heavily wounded, poisoned, chance to defeat MR: 73%)
The spiny frog appears confused.
You feel very sick.
Casting: Confuse
Confirm with . or Enter, or press ? or * to list all spells.
Your skin crawls.
You feel very sick. The spiny frog stings you!!
You are more poisoned.
The spiny frog poisons you!
You die...

####.# ###....... # ###
#### #.(....... ##..##
##........
##....######.......
##......#.# #....... ##
##........## ###..... .#
##.F........## #..... ##
##............## ##....
.#### ###.....@........#
##(.. ..#.#
#.#..^........(.## ##..
...## ##.............##
###
....#####........$...###
# .......#..........####
#### ....#.........##.##
###.#.
....####....########
#####..... .....#
####....###.#
###......... ...###
##.#....####...........


You could see a spiny frog (confused).

Vanquished Creatures
  A hydra (Lair:1)
  3 two-headed ogres
  An unseen horror (D:12)
  Pikel (D:6)
  An orc sorcerer (D:9)
  2 deep elf magi
  An elephant (D:10)
  Joseph (D:8)
  2 gargoyles
  A black mamba (Lair:1)
  3 spiny frogs (Lair:1)
  A freezing wraith (D:12)
  The ghost of deadestbob the Skirmisher, an amateur HOFi (D:3)
  2 trolls (D:12)
  A hornet (D:8)
  Grinder (D:4)
  3 blink frogs (Lair:1)
  4 hippogriffs
  18 yaks
  A wyvern (D:9)
  A basilisk (D:11)
  A steam dragon (D:12)
  Grum (D:10)
  A hungry ghost (D:11)
  An acid dragon (D:11)
  2 porcupines (Lair:1)
  A black bear (Lair:1)
  2 sky beasts
  An ice beast (D:6)
  A necrophage (D:8)
  4 slaves (D:6)
  2 orc warriors
  2 phantoms
  7 ogres
  4 centaurs
  3 wolves (D:10)
  2 big kobolds (D:9)
  4 crocodiles
  Blork the orc (D:4)
  11 bullfrogs
  A gnoll sergeant (D:5)
  4 scorpions
  7 killer bees
  A water moccasin skeleton (D:5)
  2 howler monkeys
  2 centaur zombies
  A crimson imp (D:8)
  2 jellies
  9 hounds
  A bullfrog skeleton (D:12)
  5 orc priests
  3 centaur skeletons
  8 orc wizards
  Terence (D:2)
  An iguana (D:9)
  3 worker ants
  A killer bee zombie (D:8)
  A hound zombie (D:6)
  2 hound skeletons
  Robin (D:2)
  A howler monkey skeleton (D:7)
  13 gnolls
  11 adders
  A shadow imp (D:7)
  2 oozes
  An adder zombie (D:5)
  An adder skeleton (D:8)
  4 worms
  3 dart slugs
  5 leopard geckos
  40 orcs
  4 giant cockroaches
  19 goblins
  11 hobgoblins
  11 jackals
  17 kobolds
  5 quokkas
  3 ball pythons
  7 bats
  4 frilled lizards
  7 rats
  2 rat zombies (D:4)
  2 plants (D:11)
331 creatures vanquished.

Vanquished Creatures (others)
  A killer bee (D:12)
1 creature vanquished.

Grand Total: 332 creatures vanquished

Notes
Turn   | Place    | Note
-------+----------+-------------------------------------------
     0 | D:1      | DildoBatman the Formicid Enchanter began the quest for the Orb.
     0 | D:1      | Reached XP level 1. HP: 13/13 MP: 3/3
    73 | D:1      | Reached skill level 1 in Fighting
   282 | D:1      | Reached XP level 2. HP: 6/22 MP: 0/5
  1058 | D:1      | Reached XP level 3. HP: 24/28 MP: 6/6
  1063 | D:1      | Learned a level 3 spell: Confuse
  1168 | D:1      | You fall through a shaft!
  1311 | D:2      | Found a basalt altar of Yredelemnul.
  1925 | D:2      | Reached XP level 4. HP: 35/35 MP: 7/7
  1939 | D:2      | Reached skill level 1 in Armour
  1961 | D:2      | Noticed Terence
  2670 | D:2      | Reached XP level 5. HP: 38/41 MP: 5/8
  2760 | D:3      | Noticed deadestbob's ghost (amateur HOFi)
  2901 | D:3      | Noticed Robin
  3088 | D:2      | Killed Robin
  3676 | D:3      | Found a burning altar of Makhleb.
  3890 | D:3      | Reached XP level 6. HP: 45/48 MP: 7/9
  4085 | D:4      | Noticed an ogre
  4253 | D:4      | Reached skill level 5 in Fighting
  4610 | D:4      | Found an ancient bone altar of Kikubaaqudgha.
  4944 | D:5      | Entered Level 5 of the Dungeon
  4944 | D:5      | Noticed Grinder
  5037 | D:5      | Reached XP level 7. HP: 56/56 MP: 8/10
  5302 | D:5      | Reached skill level 5 in Stealth
  5635 | D:5      | Noticed Blork the orc
  5760 | D:5      | Found an ornate altar of the Wu Jian Council.
  6334 | D:6      | Reached XP level 8. HP: 63/63 MP: 7/11
  6525 | D:6      | Reached skill level 5 in Armour
  6549 | D:6      | Found a staircase to the Ecumenical Temple.
  6558 | Temple   | Entered the Ecumenical Temple
  6740 | Temple   | Became a worshipper of Sif Muna the Loreminder
  6831 | D:6      | Noticed Pikel
  6982 | D:6      | Killed Pikel
  6982 | D:6      | Reached skill level 5 in Hexes
  7244 | D:6      | Reached XP level 9. HP: 71/71 MP: 12/15
  7266 | D:6      | Reached skill level 6 in Hexes
  7290 | D:6      | Reached * piety under Sif Muna
  7348 | D:6      | Reached skill level 7 in Hexes
  7603 | D:6      | Reached skill level 8 in Hexes
  7639 | D:6      | Found Pemeselo's Food Boutique.
  8077 | D:5      | Reached skill level 9 in Hexes
  8373 | D:4      | Killed Blork the orc
  8563 | D:4      | Killed Grinder
  8753 | D:2      | Killed Terence
  8753 | D:2      | Reached skill level 10 in Hexes
  9022 | D:3      | Killed deadestbob's ghost
  9022 | D:3      | Reached ** piety under Sif Muna
  9186 | D:7      | Found a white marble altar of Elyvilon.
  9195 | D:7      | Reached XP level 10. HP: 66/77 MP: 16/16
  9269 | D:7      | Learned a level 3 spell: Regeneration
  9534 | D:7      | Reached skill level 5 in Spellcasting
  9534 | D:7      | Reached skill level 1 in Charms
  9534 | D:7      | Reached skill level 1 in Necromancy
  9878 | D:8      | Found Ahat's Weapon Shoppe.
  9929 | D:8      | Reached skill level 11 in Hexes
 10035 | D:8      | Found an opulent altar of Gozag.
 10073 | D:8      | Found Mianaoha's Gadget Shop.
 10214 | D:8      | Noticed Joseph
 10222 | D:8      | Reached *** piety under Sif Muna
 10446 | D:8      | Killed Joseph
 10446 | D:8      | Reached skill level 12 in Hexes
 10671 | D:8      | Found Qugg's General Store.
 10781 | D:8      | Noticed a two-headed ogre
 10941 | D:8      | Killed a two-headed ogre
 10941 | D:8      | Reached XP level 11. HP: 79/84 MP: 6/19
 10953 | D:8      | Found a shimmering altar of Xom.
 11333 | D:9      | Noticed a deep elf mage
 11350 | D:9      | Killed a deep elf mage
 11981 | D:9      | Reached **** piety under Sif Muna
 12171 | D:9      | Noticed an orc sorcerer
 12202 | D:9      | Killed an orc sorcerer
 12202 | D:9      | Reached skill level 13 in Hexes
 12254 | D:9      | Learned a level 3 spell: Spectral Weapon
 12293 | D:10     | Entered Level 10 of the Dungeon
 12329 | D:10     | Noticed Grum
 12403 | D:10     | Killed Grum
 12509 | D:10     | Found Faim's Armour Shop.
 12519 | D:10     | Found a shadowy altar of Dithmenos.
 12738 | D:10     | Found a staircase to the Orcish Mines.
 12819 | D:10     | Got a translucent leather armour
 12831 | D:10     | Identified the +1 leather armour "Uleylon" {rN+ Str+2} (You found it on level 10 of the Dungeon)
 13116 | D:11     | Found a staircase to the Lair.
 13116 | D:11     | Noticed an elephant
 13187 | D:10     | Killed an elephant
 13375 | D:11     | Noticed deadestbob's ghost (journeyman HOFi)
 13671 | D:11     | Reached skill level 14 in Hexes
 13964 | D:11     | Noticed a two-headed ogre
 14017 | D:10     | Killed a two-headed ogre
 14017 | D:10     | Reached XP level 12. HP: 61/91 MP: 21/21
 14574 | D:12     | Reached ***** piety under Sif Muna
 14574 | D:12     | Received a gift from Sif Muna
 14626 | D:12     | Noticed a two-headed ogre
 14659 | D:12     | Killed a two-headed ogre
 14710 | D:12     | Learned a level 5 spell: Silence
 14770 | D:12     | Found a portal to a secret trove of treasure.
 14809 | D:12     | Noticed a death knight
 15058 | D:12     | Noticed an unseen horror
 15075 | D:12     | Killed an unseen horror
 15383 | D:12     | Reached skill level 5 in Charms
 15402 | D:12     | Reached skill level 1 in Air Magic
 15466 | D:12     | Noticed a skeletal warrior
 15612 | D:12     | Reached skill level 5 in Necromancy
 16155 | Lair:1   | Entered Level 1 of the Lair of Beasts
 16214 | Lair:1   | Reached skill level 5 in Dodging
 16427 | Lair:1   | Noticed an eight-headed hydra
 16456 | Lair:1   | Killed a one-headed hydra
 16876 | Lair:1   | Reached skill level 15 in Hexes
 16876 | Lair:1   | Reached XP level 13. HP: 85/98 MP: 23/23
 16914 | Lair:1   | Succumbed to a spiny frog's poison

Skill      XL: |  1  2  3  4  5  6  7  8  9 10 11 12 |
---------------+-------------------------------------+-----
Fighting       | 1 2 3 4 5 6 7 8 |  8.0
Dodging        | 2 3 4 5 |  5.0
Armour         | 2 3 4 5 6 7 |  7.0
Stealth        | 4 5 6 7 8 |  8.0
Spellcasting   | 4 5 6 7 |  7.1
Hexes          | 5 10 12 14 15 | 15.0
Charms         | 3 4 5 |  5.0
Necromancy     | 3 4 5 |  5.0
Air Magic      | 2 |  2.2
Short Blades   | |  1.0

Action                   |  1- 3 |  4- 6 |  7- 9 | 10-12 | 13-15 || total
-------------------------+-------+-------+-------+-------+-------++-------
Melee: Dagger            |    53 |       |       |       |       ||    53
       Quarterstaff      |    62 |    14 |       |       |       ||    76
       Spear             |       |   143 |   226 |   849 |    17 ||  1235
       Flail             |       |     6 |    17 |   107 |       ||   130
       Hand axe          |       |       |    42 |    34 |       ||    76
 Cast: Corona            |    22 |    15 |    53 |    67 |       ||   157
       Confuse           |       |     2 |    14 |   138 |     2 ||   156
       Regeneration      |       |       |       |    46 |     1 ||    47
 Abil: Dig               |     1 |    22 |    11 |    29 |       ||    63
Evoke: Wand              |       |     1 |       |       |       ||     1
  Use: Potion            |       |       |     1 |       |       ||     1
       Scroll            |       |       |       |    12 |       ||    12
 Stab: Sleeping          |     8 |     7 |     5 |     7 |       ||    27
       Confused          |       |       |     9 |    93 |     2 ||   104
       Distracted        |       |       |     1 |       |       ||     1
  Eat: Chunk             |     4 |    12 |    17 |    41 |       ||    74
       Ration            |       |       |       |     1 |       ||     1
Armor: Robe              |    16 |       |       |       |       ||    16
       Leather armour    |    20 |    37 |    46 |       |       ||   103
       Ring mail         |       |       |    11 |     3 |       ||    14
       Scale mail        |       |       |       |   247 |     1 ||   248
Dodge: Dodged            |    71 |   136 |   163 |   383 |     1 ||   754
